 Dungeon Crawl Stone Soup version 0.26.0-16-gc1dbca0489 (webtiles) character file.

Game seed: 2096554075876660793

81 kaeus the Sneak (level 4, 0/27 HPs)
             Began as a Vampire Brigand on Jan 20, 2021.
             Was an Initiate of Okawaru.
             Slain by a gnoll
             ... wielding a +0 vorpal spear
              (1 damage)
             ... on level 2 of the Dungeon.
             The game lasted 00:04:08 (1432 turns).

kaeus the Sneak (Vampire Brigand)                   Turns: 1432, Time: 00:04:09

Health: 0/27       AC:  6    Str: 10    XL:     4   Next: 19%
Magic:  4/4        EV: 11    Int: 13    God:    Okawaru [......]
Gold:   52         SH:  0    Dex: 16    Spells: 3/3 levels left

rFire    . . .     SeeInvis +   a - +2 dagger
rCold    + + .     Faith    .   (no shield)
rNeg     + + +     Spirit   .   l - +0 ring mail
rPois    ∞         Reflect  .   (no helmet)
rElec    .         Harm     .   c - +0 cloak
rCorr    .         Rampage  .   (no gloves)
Will     .....                  (no boots)
Stlth    +++++.....             (no amulet)
HPRegen  0.00/turn              (no ring)
MPRegen  0.09/turn              (no ring)

@: bloodless
A: fangs 3, see invisible, unbreathing
a: Bat Form, Revivify, Renounce Religion


You were on level 2 of the Dungeon.
You worshipped Okawaru.
Okawaru was noncommittal.
You visited 1 branch of the dungeon, and saw 2 of its levels.

You collected 52 gold pieces.

Inventory:

Hand Weapons
 a - a +2 dagger (weapon)
Missiles
 m - 3 atropa-tipped darts (quivered)
Armour
 b - a +0 robe
 c - a +0 cloak (worn)
 l - a +0 ring mail (worn)
Scrolls
 d - 4 scrolls of identify {unknown}
 e - a scroll of magic mapping {unknown}
 f - 3 scrolls of remove curse {unknown}
 h - a scroll of enchant weapon {unknown}
 k - a scroll of immolation {unknown}
Potions
 g - a potion of lignification {unknown}
 i - a potion of flight {unknown}
 j - a potion of brilliance {unknown}


   Skills:
 + Level 2.3 Fighting
 + Level 2.9 Short Blades
 + Level 2.1 Throwing
 + Level 2.1 Dodging
 + Level 6.5 Stealth


You had 3 spell levels left.
You didn't know any spells.
Your spell library was empty.

Dungeon Overview and Level Annotations

Branches:
Dungeon (2/15)

Altars:
Okawaru
Qazlal
Xom
The Shining One


Innate Abilities, Weirdness & Mutations

You do not regenerate when monsters are visible.
You are frail without blood (-20% HP).
You can heal yourself when you bite living creatures.
You are immune to poison.
You have razor-sharp teeth.
You have supernaturally acute eyesight. (SInv)
You can survive without breathing.


Message History

You see here 11 arrows.
The gnoll hits you. The gnoll hits you but does no damage.
There is an open door here.
You hit the gnoll.
The gnoll is moderately wounded.
The gnoll hits you but does no damage. x2
You barely miss the gnoll.
The gnoll is moderately wounded.
The gnoll hits you.
* * * LOW HITPOINT WARNING * * *
The gnoll misses you.
You closely miss the gnoll.
The gnoll is moderately wounded.
The gnoll barely misses you. The gnoll closely misses you.
You hit the gnoll.
The gnoll is heavily wounded.
The gnoll barely misses you.
The gnoll hits you from afar with a +0 vorpal spear.
* * * LOW HITPOINT WARNING * * *
You die...

...#..# #.#.# ...#..#
#.#.# ......#
#.#.####+### .....>#
#†#.##.....# ......#
#.#.# ..... ...##.#
#.#.# .g.
...##.#.#.#.# #g#
...##.#.#.#.# #g#
.####.#.....####@####
.# #.###.###...(...#
#...............#
#####.##........#
#######.##........#
.........#........#
##########..(.....#
.........#
###.......#


You could see 3 gnolls.

Vanquished Creatures
  A gnoll (D:2)
  2 adders (D:2)
  2 worms (D:2)
  2 dart slugs
  2 leopard geckos (D:1)
  A ball python (D:1)
  3 giant cockroaches (D:1)
  5 goblins
  3 hobgoblins
  4 jackals (D:2)
  5 bats
  4 frilled lizards
  7 kobolds
  A rat (D:1)
42 creatures vanquished.

Notes
Turn   | Place    | Note
-------+----------+-------------------------------------------
     0 | D:1      | kaeus the Vampire Brigand began the quest for the Orb.
     0 | D:1      | Reached XP level 1. HP: 16/16 MP: 1/1
   148 | D:1      | Reached skill level 6 in Stealth
   168 | D:1      | Reached XP level 2. HP: 22/22 MP: 2/2
   649 | D:1      | Reached XP level 3. HP: 27/27 MP: 3/3
   926 | D:2      | Found a glowing golden altar of the Shining One.
   927 | D:2      | Found an iron altar of Okawaru.
   927 | D:2      | Found a stormy altar of Qazlal.
   936 | D:2      | Became a worshipper of Warmaster Okawaru
   952 | D:2      | Found a shimmering altar of Xom.
   952 | D:2      | Found a shimmering altar of Xom.
   955 | D:2      | Found a shimmering altar of Xom.
   955 | D:2      | Found a shimmering altar of Xom.
  1113 | D:2      | Reached XP level 4. HP: 4/27 MP: 4/4
  1432 | D:2      | HP: 1/27 [gnoll/+0 vorpal spear (3)]
  1432 | D:2      | Slain by a gnoll

Illustrated notes

Levels and vault maps discovered:
D:1:      dpeg_arrival_simpleton_c, layout_basic, corexii_leaking_fountain
D:2:      layout_basic, chequers_temple_overflow_statue_of_worship,
          xom_redecorated

Skill      XL: |  1  2  3 |
---------------+----------+-----
Stealth        | 6 |  6.5
Fighting       | 2 |  2.3
Throwing       | 2 |  2.1
Dodging        | 2 |  2.1
Short Blades   | |  2.9

Action                   |  1- 3 |  4- 6 || total
-------------------------+-------+-------++-------
Melee: Dagger            |    84 |    11 ||    95
       Bite              |     5 |     2 ||     7
Throw: Dart              |    72 |       ||    72
 Abil: Exsanguinate      |     2 |       ||     2
 Stab: Sleeping          |     5 |     1 ||     6
Armor: Robe              |     9 |       ||     9
       Ring mail         |    23 |     4 ||    27
Dodge: Dodged            |    82 |     7 ||    89
